 Dungeon Crawl Stone Soup version 0.28.0-45-g0d030f2227 (webtiles) character file.

Game seed: 12984218736452877877

25361 Cykl0x the Geomancer (level 13, -3/79 HPs)
             Began as a Gargoyle Earth Elementalist on Apr 17, 2022.
             Was a Believer of Vehumet.
             Slain by Rupert
             ... wielding a +2 great mace of holy wrath
              (28 damage)
             ... on level 13 of the Dungeon on Apr 18, 2022.
             The game lasted 00:45:11 (17716 turns).

Cykl0x the Geomancer (Gargoyle Earth Elementalist) Turns: 17716, Time: 00:45:11

Health: -3/79      AC: 16    Str: 12    XL:     13   Next: 19%
Magic:  14/27      EV: 12    Int: 27    God:    Vehumet [**....]
Gold:   831        SH:  0    Dex: 10    Spells: 14/33 levels left

rFire   . . .      SeeInvis .   y - +0 quarterstaff (chaos)
rCold   . . .      Faith    .   (shield currently unavailable)
rNeg    + + .      Spirit   .   B - +0 troll leather armour
rPois   ∞          Reflect  .   z - +1 helmet
rElec   +          Harm     .   (no cloak)
rCorr   .          Rampage  .   (no gloves)
Will    .....                   (no boots)
Stlth   ++........              I - amulet of magic regeneration
HPRegen 1.03/turn               d - ring of positive energy
MPRegen 0.60/turn               N - +6 ring of intelligence

@: no status effects
A: sickness immunity, AC +9, negative energy resistance 1, electricity
resistance, torment resistance 1, petrification resistance
a: Renounce Religion


You were on level 13 of the Dungeon.
You worshipped Vehumet.
Vehumet was pleased with you.
You visited 2 branches of the dungeon, and saw 14 of its levels.
You also visited: Ossuary.

You collected 870 gold pieces.
You spent 39 gold pieces at shops.

Inventory:

Hand Weapons
 y - a +0 quarterstaff of chaos (weapon)
Missiles
 c - 56 stones
 C - 4 throwing nets
Armour
 b - a +0 robe
 e - a +1 leather armour
 k - a +0 ring mail
 o - a +2 leather armour of fire resistance
 r - a +2 robe of the Archmagi
 z - a +1 helmet (worn)
 B - a +0 troll leather armour (worn)
Magical Staves
 a - a staff of poison
Jewellery
 d - a ring of positive energy (left hand)
 p - an amulet of the acrobat
 w - an amulet of faith
 I - an amulet of magic regeneration (around neck)
 N - a +6 ring of intelligence (right hand)
Wands
 x - a wand of paralysis (8)
 G - a wand of mindburst (4)
 J - a wand of polymorph (5)
 L - a wand of iceblast (4)
Scrolls
 g - 6 scrolls of enchant weapon
 n - a scroll of amnesia
 A - 2 scrolls of magic mapping
 E - 4 scrolls of teleportation
 F - a scroll of enchant armour
 H - 2 scrolls of fog
Potions
 f - 6 potions of might
 h - a potion of cancellation
 i - 3 potions of curing
 j - 3 potions of attraction
 l - 4 potions of lignification
 m - a potion of heal wounds
 q - 2 potions of mutation
 t - 3 potions of resistance
 v - a potion of brilliance
 K - 2 potions of berserk rage


   Skills:
 * Level 8.6 Fighting
 + Level 2.8 Staves
 + Level 3.4 Armour
 + Level 3.2 Dodging
 + Level 3.7 Stealth
 + Level 10.8 Spellcasting
 * Level 9.9 Conjurations
 - Level 0.7 Transmutations
 + Level 1.1 Air Magic
 + Level 11.9 Earth Magic
 + Level 1.8 Poison Magic
 * Level 7.9 Evocations


You had 14 spell levels left.
You knew the following spells:

 Your Spells              Type           Power      Damage    Failure   Level
a - Sandblast             Erth           100%       2d20      1%          1
b - Stone Arrow           Conj/Erth      100%       3d13      1%          3
c - Passwall              Tmut/Erth      40%        N/A       1%          2
d - Mephitic Cloud        Conj/Pois/Air  37%        N/A       2%          3
e - Magic Dart            Conj           100%       1d8       1%          1
f - Searing Ray           Conj           100%       2d8       1%          2
g - Lightning Bolt        Conj/Air       22%        1d37      14%         5
h - Poisonous Vapours     Pois/Air       44%        N/A       4%          2

Your spell library contained the following spells:

 Spells                   Type           Power      Damage    Failure   Level
 Scorch                   Fire           28%        2d6       8%          2
 Conjure Flame            Conj/Fire      41%        6-21      1%          3
 Beastly Appendage        Tmut           36%        N/A       3%          1
 Sting                    Tmut/Pois      84%        1d7       3%          1
 Petrify                  Tmut/Erth      48%        N/A       3%          4
 Leda's Liquefaction      Hex/Erth       23%        N/A       4%          4
 Wereblood                Tmut           18%        N/A       5%          2
 Fulminant Prism          Conj/Hex       20%        3d13      6%          4
 Hailstorm                Conj/Ice       41%        3d10      6%          4
 Spider Form              Tmut/Pois      21%        N/A       9%          3
 Ignite Poison            Fire/Tmut/Pois 19%        N/A       11%         3
 Call Canine Familiar     Summ           14%        N/A       16%         3
 Portal Projectile        Hex/Tloc       28%        N/A       16%         3
 Olgreb's Toxic Radiance  Pois           24%        N/A       24%         4
 Freezing Cloud           Conj/Ice/Air   17%        6-21      30%         5
 Conjure Ball Lightning   Conj/Air       22%        3x3d6     61%         6
 Starburst                Conj/Fire      20%        6d7       69%         6


Dungeon Overview and Level Annotations

Branches:
Dungeon (13/15)            Temple (1/1) D:6            Lair (0/6) D:10
    Orc (0/2) D:12         Vaults (0/5) D:13        Ossuary (visited)

Altars:
Ashenzari
Cheibriados
Dithmenos
Elyvilon
Fedhas
Gozag
Hepliaklqana
Kikubaaqudgha
Makhleb
Nemelex Xobeh
Okawaru
Qazlal
Ru
Sif Muna
Trog
Uskayaw
Vehumet
Wu Jian
Xom
Yredelemnul
Zin
The Shining One
Jiyva

Shops:
D:5 *   D:9 ?   D:12 [(

Annotations:
D:11 3 runed translucent doors, peterlawrence's ghost, journeyman MiFi
D:13 Rupert


Innate Abilities, Weirdness & Mutations

You are immune to sickness and miasma.
Your stone body is resilient. (AC +9)
You are immune to poison.
You resist negative energy. (rN+)
You are resistant to electric shocks. (rElec)
You are resistant to unholy torment.
You are immune to petrification.


Message History

Casting: Lightning Bolt (dangerous; 14% risk of failure)
Confirm with . or Enter, or press ? or * to list all spells.
Aiming: Stone Arrow (safe; 1% risk of failure)
Press: ? - help, Shift-Dir - straight line, f/p - Rupert
Aim: Rupert, wielding a +2 great mace of holy wrath and wearing a +0 ring mail (lightly wounded, 81% to hit)
The stone arrow hits Rupert!!
Rupert is moderately wounded.
Unknown command.
Casting: Stone Arrow (safe; 1% risk of failure)
Confirm with . or Enter, or press ? or * to list all spells.
Aiming: Stone Arrow (safe; 1% risk of failure)
Press: ? - help, Shift-Dir - straight line, f/p - Rupert
Aim: Rupert, wielding a +2 great mace of holy wrath and wearing a +0 ring mail (moderately wounded, 81% to hit)
The stone arrow hits Rupert!!
Rupert is heavily wounded.
Rupert hits you with a +2 great mace of holy wrath!!
Unknown command.
Casting: Stone Arrow (safe; 1% risk of failure)
Confirm with . or Enter, or press ? or * to list all spells.
Aiming: Stone Arrow (safe; 1% risk of failure)
Press: ? - help, Shift-Dir - straight line, f/p - Rupert
Aim: Rupert, wielding a +2 great mace of holy wrath and wearing a +0 ring mail (heavily wounded, 81% to hit)
The stone arrow hits Rupert!
Rupert is heavily wounded.
Rupert screams, "You killed all those lovely monsters, you murderer!"
Rupert roars wildly at you.
You suddenly lose the ability to move!
Rupert hits you with a +2 great mace of holy wrath!
Rupert hits you but does no damage.
Rupert screams, "Hurray!"
Rupert roars madly and goes into a rage!
Rupert goes berserk!
Rupert hits you with a +2 great mace of holy wrath.
Rupert hits you with a +2 great mace of holy wrath!!
Rupert hits you with a +2 great mace of holy wrath!!
* * * LOW HITPOINT WARNING * * *
You can move again.
You feel much better.
Rupert hits you with a +2 great mace of holy wrath!!
You die...

####....##....>..#
##.....†..#.......#
.###.......[.....#####
.'...............#
#...............#
#...............#
#.....(..<∩.....#
#.....@..><.....#
#.....@.........#
#...............#
.####.......(....#
.................#
#################.######..#
................#........##
###############.#.#######
#......##.#.# #.####.##.#)#


You could see Rupert (berserk).

Vanquished Creatures
  Harold (D:8)
  A hydra (D:11)
  2 centaur warriors (D:13)
  A catoblepas (D:13)
  3 two-headed ogres
  Urug (D:13)
  A deep elf knight (D:13)
  A wizard (D:11)
  An orc knight (D:13)
  A deep elf zephyrmancer (D:11)
  A deep elf pyromancer (D:11)
  2 ugly things
  A cyclops (D:11)
  3 manticores
  A molten gargoyle (D:13)
  A gargoyle (D:11)
  The ghost of 101zpm the Magician, a novice DjIE (D:5)
  An efreet (D:13)
  A komodo dragon (D:10)
  A meliai (shapeshifter) (D:13)
  4 trolls
  2 hornets (D:8)
  The ghost of destino the Firebug, an amateur DEFE (D:4)
  A centaur simulacrum (D:13)
  A vampire (D:13)
  2 shadows
  A ynoxinul (D:10)
  2 basilisks
  3 wraiths
  16 humans
  10 yaks
  5 wyverns
  2 steam dragons
  3 acid dragons
  A water moccasin (shapeshifter) (D:13)
  5 water moccasins
  An ice beast (D:8)
  A black bear (D:4)
  An ogre (D:6)
  9 orc warriors
  10 necrophages
  4 centaurs
  A phantom (D:5)
  A kobold brigand (D:4)
  3 elf zombies (Ossuary)
  2 bullfrogs
  A gnoll sergeant (D:10)
  2 scorpions (D:5)
  A wyvern skeleton (D:5)
  A water moccasin skeleton (D:4)
  4 killer bees (D:9)
  2 wights
  A howler monkey (D:9)
  A bullfrog zombie (D:7)
  9 centaur zombies
  2 lava snakes (D:13)
  A jelly (D:5)
  A human zombie (Ossuary)
  3 bullfrog skeletons
  2 hounds
  7 orc priests
  2 centaur skeletons
  3 iguanas
  12 orc wizards
  A statue (D:12)
  A hound zombie (D:5)
  A howler monkey skeleton (D:7)
  3 howler monkey zombies
  3 mummies
  3 gnolls (D:10)
  16 adders
  An ufetubus (D:4)
  2 adder skeletons (D:4)
  An adder zombie (Ossuary)
  3 worms
  A dart slug (D:4)
  51 orcs
  8 ball pythons
  5 bats
  6 endoplasms
  5 giant cockroaches
  8 goblins
  5 hobgoblins
  5 kobolds
  A quokka (D:3)
  11 hobgoblin zombies (Ossuary)
  2 jackal zombies (Ossuary)
  10 kobold zombies (Ossuary)
  7 orc zombies (Ossuary)
  4 rats
  A fire vortex (D:13)
338 creatures vanquished.

Vanquished Creatures (others)
  A fungus (D:10)
  10 plants (D:10)
  6 withered plants (D:9)
17 creatures vanquished.

Grand Total: 355 creatures vanquished

Notes
Turn   | Place    | Note
-------+----------+-------------------------------------------
     0 | D:1      | Cykl0x the Gargoyle Earth Elementalist began the quest for
                  | the Orb.
     0 | D:1      | Reached XP level 1. HP: 10/10 MP: 3/3
   325 | D:1      | Reached XP level 2. HP: 15/15 MP: 1/5
   769 | D:2      | Reached skill level 4 in Earth Magic
   781 | D:2      | Found a faded altar of an unknown god.
   820 | D:2      | Reached skill level 1 in Conjurations
   867 | D:2      | Reached XP level 3. HP: 19/19 MP: 4/6
   872 | D:2      | Learned a level 3 spell: Stone Arrow
  1481 | D:2      | Reached XP level 4. HP: 5/24 MP: 0/8
  2598 | D:3      | Reached XP level 5. HP: 26/28 MP: 0/9
  3119 | D:3      | Reached skill level 5 in Earth Magic
  3710 | D:4      | Reached XP level 6. HP: 33/33 MP: 4/11
  4200 | D:4      | Learned a level 2 spell: Passwall
  4414 | D:4      | Noticed a black bear
  4419 | D:4      | Killed a black bear
  4420 | D:4      | Reached XP level 7. HP: 37/37 MP: 5/13
  4754 | D:4      | Found a runed translucent door.
  4758 | D:4      | Noticed destino's ghost (amateur DEFE)
  4772 | D:4      | Killed destino's ghost
  4773 | D:4      | Reached skill level 6 in Earth Magic
  5306 | D:5      | Entered Level 5 of the Dungeon
  5477 | D:5      | Learned a level 3 spell: Mephitic Cloud
  5569 | D:5      | Reached skill level 5 in Spellcasting
  5569 | D:5      | Reached XP level 8. HP: 34/42 MP: 2/15
  6120 | D:5      | Noticed 101zpm's ghost (novice DjIE)
  6122 | D:5      | Found a transporter.
  6122 | D:5      | Found a transporter.
  6255 | D:5      | Found Biackuj's Gadget Gallery.
  6269 | D:5      | Found an iron altar of Okawaru.
  6305 | D:5      | Reached skill level 7 in Earth Magic
  6508 | D:5      | Reached skill level 1 in Fighting
  6772 | D:5      | Killed 101zpm's ghost
  6773 | D:5      | Reached skill level 1 in Armour
  6773 | D:5      | Reached skill level 5 in Conjurations
  6773 | D:5      | Reached skill level 1 in Evocations
  7067 | D:6      | Found a sand-covered staircase.
  7076 | Ossuary  | Entered an ossuary
  7506 | Ossuary  | Reached skill level 1 in Staves
  7511 | Ossuary  | Reached XP level 9. HP: 49/49 MP: 2/17
  7969 | D:6      | Reached skill level 8 in Earth Magic
  8371 | D:6      | Found a staircase to the Ecumenical Temple.
  8468 | Temple   | Entered the Ecumenical Temple
  9549 | D:7      | Learned a level 1 spell: Magic Dart
 10131 | D:8      | Noticed a hornet
 10137 | D:8      | Killed a hornet
 10248 | D:8      | Reached XP level 10. HP: 28/58 MP: 11/20
 10830 | D:8      | Noticed Harold
 10846 | D:8      | Killed Harold
 10847 | D:8      | Reached skill level 9 in Earth Magic
 10874 | D:8      | Reached skill level 5 in Fighting
 11819 | D:8      | Reached skill level 1 in Poison Magic
 12180 | D:9      | Learned a level 2 spell: Searing Ray
 12479 | D:9      | Reached XP level 11. HP: 60/64 MP: 4/23
 12701 | D:9      | Found Omoan's Magic Scroll Shop.
 12707 | D:9      | Bought a scroll of teleportation for 39 gold pieces
 12764 | D:9      | Reached skill level 5 in Evocations
 13280 | D:10     | Entered Level 10 of the Dungeon
 13291 | D:10     | Reached skill level 10 in Earth Magic
 13481 | D:10     | Found a staircase to the Lair.
 13704 | D:10     | Found a shimmering blue altar of Sif Muna.
 13713 | D:10     | Got Sif Muna's Collected Works on Intoxication
 13745 | D:10     | Found a bloodstained altar of Trog.
 13745 | D:10     | Noticed a two-headed ogre
 13745 | D:10     | You fall into a shaft and drop 1 floor!
 13859 | D:11     | Noticed a cyclops
 13863 | D:11     | Killed a cyclops
 13942 | D:11     | Noticed a seven-headed hydra
 13961 | D:11     | Killed a seven-headed hydra
 14097 | D:11     | Noticed a wizard
 14098 | D:11     | Noticed a deep elf zephyrmancer
 14105 | D:11     | Killed a deep elf zephyrmancer
 14142 | D:11     | Noticed a wizard
 14145 | D:11     | Noticed a deep elf pyromancer
 14149 | D:11     | Killed a deep elf pyromancer
 14151 | D:11     | Killed a wizard
 14154 | D:11     | Got Sif Muna's Incunabulum of Combed Thunderclap
 14552 | D:10     | Killed a two-headed ogre
 14614 | D:10     | Reached XP level 12. HP: 72/72 MP: 19/25
 15027 | D:10     | Found a radiant altar of Vehumet.
 15203 | D:10     | Became a worshipper of Vehumet
 15402 | D:11     | Got the Almanac of Dhcmrlchtdj
 15409 | D:11     | Got Leamyp's Incunabulum of Axaxaxas mlö
 15558 | D:11     | Noticed a two-headed ogre
 15564 | D:11     | Killed a two-headed ogre
 15673 | D:11     | Found a runed translucent gate.
 15673 | D:11     | Found a runed translucent gate.
 15674 | D:11     | Found a runed translucent gate.
 15674 | D:11     | Noticed peterlawrence's ghost (journeyman MiFi)
 15715 | D:11     | Reached skill level 11 in Earth Magic
 15805 | D:11     | Found a viscous altar of Jiyva.
 15956 | D:12     | Found a radiant altar of Vehumet.
 16080 | D:12     | Noticed a two-headed ogre
 16084 | D:12     | Killed a two-headed ogre
 16147 | D:12     | Found Kisail's Weapon Shop.
 16147 | D:12     | Found a staircase to the Orcish Mines.
 16147 | D:12     | Found Virihan's Armour Shop.
 16149 | D:12     | Reached * piety under Vehumet
 16149 | D:12     | Offered knowledge of Shock by Vehumet.
 16258 | D:12     | Learned a level 5 spell: Lightning Bolt
 16538 | D:13     | Noticed a centaur warrior
 16538 | D:13     | Noticed Rupert
 16538 | D:13     | Noticed Urug
 16538 | D:13     | Found a gate to the Vaults.
 16671 | D:13     | Reached skill level 10 in Spellcasting
 16720 | D:13     | HP: 1/73 [Rupert/+2 great mace of holy wrath (38)]
 16722 | D:13     | Noticed a catoblepas
 16732 | D:13     | Killed a centaur warrior
 16742 | D:13     | Killed a catoblepas
 16743 | D:13     | Reached skill level 1 in Air Magic
 16878 | D:13     | Noticed a centaur warrior
 16889 | D:13     | Killed a centaur warrior
 16927 | D:13     | Learned a level 2 spell: Poisonous Vapours
 17101 | D:13     | Reached ** piety under Vehumet
 17102 | D:13     | Offered knowledge of Scorch by Vehumet.
 17161 | D:13     | Noticed a deep elf knight
 17182 | D:13     | Killed a deep elf knight
 17183 | D:13     | Reached XP level 13. HP: 63/78 MP: 15/27
 17550 | D:13     | Killed Urug
 17564 | D:13     | Paralysed by Rupert for 6 turns
 17574 | D:13     | Paralysed by Rupert for 7 turns
 17710 | D:13     | Paralysed by Rupert for 6 turns
 17716 | D:13     | Slain by Rupert

Illustrated notes

Levels and vault maps discovered:
D:1:      lemuel_arrival_funnel, layout_loops_ring,
          minmay_misc_feat_four_crosses
D:2:      layout_basic, ebering_ecumenical_altar_webs, minivault_25,
          minmay_misc_feat_iff
D:3:      layout_rooms
D:4:      nicolae_cairo_tiling_large_dashed, layout_gridville,
          gammafunk_ghost_grave, item_on_display_a
D:5:      layout_loops_corners, okawaru_ov_weapons_minmay,
          gammafunk_ghost_arena, hangedman_decor_slide_cut,
          nrook_mini_backslash, grunt_ministairs_15, minivault_19,
          nicolae_shop_gadgets
D:6:      layout_basic, minmay_temple_entry_waves, enter_ossuary_1,
          hex_intersection, moated_statue, serial_park_tiny_pond,
          minmay_misc_feat_more_columns, chequers_serial_rivers_small_3
D:7:      layout_gridville, hangedman_decor_diamond_cutter
D:8:      layout_layer_cave, uniq_harold
D:9:      layout_rooms, serial_undead, serial_undead_b, serial_undead_e,
          serial_undead_e, serial_undead_e, serial_undead_a, serial_undead_d,
          serial_undead_c, serial_undead_d, serial_shops, nicolae_shop_crystal
D:10:     layout_basic, mainiacjoe_overflow_tiny_flanked,
          nzn_overflow_gifts_of_might_and_magic, minmay_lair_entry_grove
D:11:     layout_loops_cross, gammafunk_ghost_ooze, bh_hangedman_babel_library
D:12:     layout_roguey, orc_david_3, vehumet_statue
D:13:     layout_basic, david_vaults_3
Temple:   mainiacjoe_temple_coin_purse

Skill      XL: |  1  2  3  4  5  6  7  8  9 10 11 12 |
---------------+-------------------------------------+-----
Earth Magic    | 4 5 6 7 8 9 10 11 | 11.9
Conjurations   | 1 2 3 4 5 6 7 8 9 |  9.9
Spellcasting   | 3 4 5 7 8 9 10 | 10.8
Dodging        | 2 3 |  3.2
Fighting       | 2 4 5 7 8 |  8.6
Armour         | 1 2 3 |  3.4
Evocations     | 1 3 4 6 7 |  7.9
Staves         | 1 2 |  2.8
Poison Magic   | 1 |  1.8
Stealth        | 3 |  3.7
Air Magic      | 1 |  1.1
Transmutations | |  0.7

Action                   |  1- 3 |  4- 6 |  7- 9 | 10-12 | 13-15 || total
-------------------------+-------+-------+-------+-------+-------++-------
Melee: Staff             |    32 |     9 |    47 |       |       ||    88
       Quarterstaff      |       |       |     5 |    52 |       ||    57
       Punch             |       |       |     1 |       |       ||     1
 Cast: Sandblast         |    25 |    53 |   119 |   161 |    14 ||   372
       Stone Arrow       |     8 |    28 |    81 |   140 |    24 ||   281
       Passwall          |       |     2 |       |       |       ||     2
       Magic Dart        |       |       |    12 |    26 |     3 ||    41
       Mephitic Cloud    |       |       |     3 |    32 |     4 ||    39
       Searing Ray       |       |       |       |     4 |       ||     4
       Lightning Bolt    |       |       |       |     3 |     3 ||     6
  Use: Scroll            |     4 |     4 |     7 |     8 |     6 ||    29
       Potion            |       |     2 |       |     1 |     2 ||     5
 Stab: Confused          |       |       |       |     2 |       ||     2
Armor: Robe              |    13 |     9 |    56 |    26 |       ||   104
       Leather armour    |       |       |    27 |       |       ||    27
       Troll leather arm |       |       |       |    69 |     3 ||    72
Dodge: Dodged            |    27 |    29 |    88 |   114 |     1 ||   259
